 Dungeon Crawl Stone Soup version 0.30-a0-1053-gbd8d5ba0ad (webtiles) character file.

Game seed: 18232851658890287737

1824412 jt the Ruinous (level 27, 162/184 HPs)
             Began as a Kobold Delver on Apr 11, 2023.
             Was the Champion of Vehumet.
             Escaped with the Orb
             ... and 4 runes on Apr 13, 2023!
             The game lasted 08:48:28 (112767 turns).

jt the Ruinous (Kobold Delver)                    Turns: 112767, Time: 08:48:29

Health: 162/184    AC: 21    Str: 17 (18) XL:     27
Magic:  52/52      EV: 28    Int: 23 (24) God:    Vehumet [******]
Gold:   5262       SH: 10    Dex: 20 (22) Spells: 2/68 levels left

rFire   + + .      SeeInvis +    b - +3 greatsling "Punk" {acid, rCorr}
rCold   + + .      Faith    .    Z - +3 buckler {rF+}
rNeg    + + +      Spirit   .    T - +1 robe of Ryoziur {rF+ rC+ rN+ SInv}
rPois   +          Reflect  .    w - +2 helmet {Int+3}
rElec   +          Rampage  .    R - +4 dragonskin cloak
rCorr   +          Clarity  +    n - +2 pair of gloves {Str+3}
Will    +++++                    a - +2 pair of boots {Stlth+}
Stlth   ++                       p - amulet of the Four Winds {rN+ Will+++ Clar}
HPRegen 0.50/turn                M - ring "Zex Keyc" {rPois MP+9 Slay+4}
MPRegen 0.33/turn                k - ring "Helogets" {rElec rN+ Int+3 SInv}

@: studying Invocations
A: small, no large weapons, nightstalker 3, iridescent scales 1, agile 1, cold
resistance 1, deterioration 1, low MP 1, strong-willed 1, strong 1, subdued
magic 1
0: Orb of Zot
}: 4/15 runes: barnacled, slimy, silver, gossamer
a: Renounce Religion


You escaped.
You worshipped Vehumet.
Vehumet was exalted by your worship.
You visited 14 branches of the dungeon, and saw 57 of its levels.
You also visited: Ossuary, Bailey and Gauntlet.

You collected 11984 gold pieces.
You spent 6722 gold pieces at shops.

Inventory:

Hand Weapons
 b - the +3 greatsling "Punk" (weapon) {acid, rCorr}
   (You took it off a deep elf archer on level 3 of the Elven Halls)

   rCorr:     It protects you from acid and corrosion.
 u - the +8 falchion of Ruraosch {vamp, rElec rF+ rC+}
   (You found it on level 1 of the Tomb of the Ancients)

   rF:        It protects you from fire.
   rC:        It protects you from cold.
   rElec:     It insulates you from electricity.
 z - the +3 war axe of Lies {venom, +Blink rCorr Str+3}
   (You bought it in a shop on level 1 of the Vaults)

   Str:       It affects your strength (+3).
   +Blink:    It lets you blink.
   rCorr:     It protects you from acid and corrosion.
Missiles
 C - 5 throwing nets
 S - 16 curare-tipped darts
Armour
 a - a +2 pair of boots of stealth (worn)
 n - a +2 pair of gloves of strength (worn)
 w - a +2 helmet of intelligence (worn)
 R - the +4 dragonskin cloak (worn)
   (You took it off Tiamat on level 4 of the Realm of Zot)

   Avatar's Aegis: It grants the wearer a chance to resist fire, cold, poison,
   electricity, acid, and negative energy.
 T - the +1 robe of Ryoziur (worn) {rF+ rC+ rN+ SInv}
   (You took it off a deep elf archer on level 3 of the Elven Halls)

   rF:        It protects you from fire.
   rC:        It protects you from cold.
   rN:        It protects you from negative energy.
   SInv:      It lets you see invisible.
 W - the +1 pair of gloves "Ostan" {rF+ Int-3 Stlth+}
   (You acquired it on level 5 of the Realm of Zot)

   Int:       It affects your intelligence (-3).
   rF:        It protects you from fire.
   Stlth:     It makes you more stealthy.
 Z - a +3 buckler of fire resistance (worn)
Jewellery
 k - the ring "Helogets" (right hand) {rElec rN+ Int+3 SInv}
   (You took it off a vampire mage on level 3 of the Crypt)

   [ring of positive energy]

   Int:       It affects your intelligence (+3).
   rElec:     It insulates you from electricity.
   rN:        It protects you from negative energy.
   SInv:      It lets you see invisible.
 p - the amulet of the Four Winds (around neck) {rN+ Will+++ Clar}
   (You found it on level 5 of the Vaults)

   [amulet of nothing]

   rN:        It protects you from negative energy.
   Clar:      It protects you against confusion.
   Will:      It greatly increases your willpower.
 r - the ring of the Morning {rElec rC+ rN+ Int-3 Dex+3}
   (You took it off a vampire knight on level 3 of the Crypt)

   [ring of positive energy]

   Int:       It affects your intelligence (-3).
   Dex:       It affects your dexterity (+3).
   rC:        It protects you from cold.
   rElec:     It insulates you from electricity.
   rN:        It protects you from negative energy.
 s - the ring of Dithmenos, Building {Fly rElec Int+3}
   (You acquired it on level 7 of the Dungeon)

   [ring of flight]

   Int:       It affects your intelligence (+3).
   rElec:     It insulates you from electricity.
   Fly:       It grants you flight.
 y - the ring of the Tempest {rN+ Dex+8}
   (You found it on level 3 of the Crypt)

   [ring of positive energy]

   Dex:       It affects your dexterity (+8).
   rN:        It protects you from negative energy.
 M - the ring "Zex Keyc" (left hand) {rPois MP+9 Slay+4}
   (You found it on level 3 of the Depths)

   [ring of slaying]

   Slay:      It affects your accuracy & damage with ranged weapons and melee
   (+4).
   rPois:     It protects you from poison.
   MP:        It affects your magic capacity (+9).
Wands
 g - a wand of digging (19)
 j - a wand of charming (52)
 G - a wand of roots (28)
 N - a wand of acid (27)
Scrolls
 c - 11 scrolls of fog
 d - 10 scrolls of magic mapping
 l - 14 scrolls of teleportation
 A - 6 scrolls of silence
 B - 2 scrolls of enchant weapon
 D - 5 scrolls of vulnerability
 E - 10 scrolls of poison
 J - 10 scrolls of fear
 O - 9 scrolls of immolation
 P - 2 scrolls of summoning
 Q - 9 scrolls of enchant armour
 V - a scroll of amnesia
Potions
 f - 10 potions of haste
 h - 18 potions of might
 i - 6 potions of flight
 m - 2 potions of resistance
 q - 2 potions of heal wounds
 t - 3 potions of mutation
 v - 7 potions of magic
 F - 28 potions of curing
 H - 14 potions of ambrosia
 K - 10 potions of lignification
 L - 8 potions of cancellation
 U - 5 potions of brilliance
 Y - 5 potions of invisibility
Miscellaneous
 e - a box of beasts
 o - the horn of Geryon
 x - a phantom mirror
 I - a condenser vane
 X - a phial of floods


   Skills:
 - Level 21.8 Fighting
 - Level 10.0 Short Blades
 - Level 14.0 Ranged Weapons
 - Level 8.4 Armour
 - Level 17.9 Dodging
 - Level 7.1 Stealth
 - Level 10.0 Shields
 + Level 21.2 Spellcasting
 + Level 22.7 Conjurations
 - Level 16.8 Summonings
 - Level 2.0 Necromancy
 + Level 21.8 Translocations
 - Level 11.0 Fire Magic
 - Level 4.0 Ice Magic
 - Level 5.0 Air Magic
 - Level 5.0 Earth Magic
 - Level 5.0 Poison Magic
 - Level 5.3 Evocations


You had 2 spell levels left.
You knew the following spells:

 Your Spells              Type           Power      Damage    Failure   Level
a - Spellforged Servitor  Conj/Summ      36%        N/A       1%          7
b - Malign Gateway        Summ/Tloc      36%        N/A       1%          7
c - Iskenderun's Mystic   Conj/Tloc      78%        2d16      0%          4
d - Lehudib's Crystal Sp  Conj/Erth      30%        10d8      12%         8
e - Passwall              Tmut/Erth      22%        N/A       1%          2
f - Plasma Beam           Fire/Air       23%        2x1d39    3%          6
g - Blink                 Tloc           100%       N/A       0%          2
h - Olgreb's Toxic Radia  Pois           36%        N/A       1%          4
i - Vhi's Electric Charg  Tloc/Air       100%       N/A       0%          3
j - Fireball              Conj/Fire      34%        3d14      1%          5
k - Dispersal             Tloc           38%        N/A       1%          6
l - Passage of Golubria   Tloc           77%        N/A       0%          4
m - Disjunction           Tloc           38%        N/A       1%          8

Your spell library contained the following spells:

 Spells                   Type           Power      Damage    Failure   Level
 Polar Vortex             Ice            16%        N/A       100%        9
 Kiss of Death            Conj/Necr      100%       2d13      0%          1
 Shock                    Conj/Air       100%       1d9       0%          1
 Lesser Beckoning         Tloc           100%       N/A       0%          2
 Momentum Strike          Conj/Tloc      100%       3d10      0%          2
 Scorch                   Fire           100%       2d9       0%          2
 Static Discharge         Conj/Air       100%       2-7/arc   0%          2
 Necrotise                Necr           100%       1d9       1%          1
 Sandblast                Erth           72%        2d16      1%          1
 Slow                     Hex            72%        N/A       1%          1
 Sting                    Tmut/Pois      100%       1d8       1%          1
 Cigotuvi's Dreadful Rot  Necr/Pois/Air  64%        N/A       1%          2
 Poisonous Vapours        Pois/Air       72%        N/A       1%          2
 Sublimation of Blood     Necr           25%        N/A       1%          2
 Gell's Gravitas          Tloc           77%        N/A       0%          3
 Hailstorm                Conj/Ice       60%        3d13      0%          3
 Stone Arrow              Conj/Erth      100%       3d13      0%          3
 Teleport Other           Tloc           77%        N/A       0%          3
 Volatile Blastmotes      Fire/Tloc      100%       2d18      0%          3
 Flame Wave               Conj/Fire      68%        2d15      0%          4
 Manifold Assault         Tloc           77%        N/A       0%          4
 Sticky Flame             Conj/Fire      68%        2d8       0%          4
 Iskenderun's Battlesphe  Conj           78%        2d13      0%          5
 Dazzling Flash           Conj/Hex       100%       N/A       1%          3
 Frozen Ramparts          Ice            64%        1d10      1%          3
 Ignite Poison            Fire/Tmut/Pois 37%        N/A       1%          3
 Inner Flame              Hex/Fire       38%        N/A       1%          3
 Mephitic Cloud           Conj/Pois/Air  55%        N/A       1%          3
 Portal Projectile        Hex/Tloc       100%       N/A       1%          3
 Summon Guardian Golem    Hex/Summ       48%        N/A       1%          3
 Swiftness                Air            36%        N/A       1%          3
 Airstrike                Air            18%        2d(3-19)  1%          4
 Fulminant Prism          Conj/Hex       28%        3d14      1%          4
 Summon Ice Beast         Ice/Summ       53%        N/A       1%          4
 Summon Lightning Spire   Summ/Air       55%        N/A       1%          4
 Arcjolt                  Conj/Air       30%        1d40      1%          5
 Freezing Cloud           Conj/Ice/Air   27%        6-21      1%          5
 Irradiate                Conj/Tmut      28%        3d21      1%          5
 Lee's Rapid Deconstruct  Erth           18%        3d11*     1%          5
 Summon Mana Viper        Hex/Summ       48%        N/A       1%          5
 Conjure Ball Lightning   Conj/Air       30%        3x3d10    1%          6
 Starburst                Conj/Fire      34%        6d10      1%          6
 Summon Cactus Giant      Summ           33%        N/A       1%          6
 Monstrous Menagerie      Summ           33%        N/A       1%          7
 Orb of Destruction       Conj           39%        9d11      1%          7
 Vampiric Draining        Necr           25%        2d7       2%          3
 Confusing Touch          Hex            18%        N/A       5%          3
 Tukima's Dance           Hex            18%        N/A       5%          3
 Leda's Liquefaction      Hex/Erth       13%        N/A       7%          4
 Petrify                  Tmut/Erth      27%        N/A       7%          4
 Dispel Undead            Necr           25%        3d12      9%          4
 Ice Form                 Ice/Tmut       25%        N/A       9%          4
 Anguish                  Hex/Necr       11%        N/A       13%         4
 Summon Horrible Things   Summ           33%        N/A       13%         8
 Cause Fear               Hex            9%         N/A       21%         4
 Alistair's Intoxication  Tmut/Pois      18%        N/A       21%         5
 Silence                  Hex/Air        13%        N/A       21%         5
 Agony                    Necr           25%        N/A       24%         5
 Haunt                    Necr/Summ      25%        N/A       34%         7
 Fire Storm               Conj/Fire      34%        8d9       45%         9
 Blade Hands              Tmut           9%         N/A       50%         5
 Ozocubu's Refrigeration  Ice            16%        4d11      63%         7
 Simulacrum               Ice/Necr       14%        N/A       67%         6
 Death Channel            Necr           12%        N/A       82%         6
 Chain Lightning          Conj/Air       30%        3d40      85%         9
 Dragon Form              Tmut           9%         N/A       100%        7
 Enfeeble                 Hex            9%         N/A       100%        7
 Borgnjor's Revivificati  Necr           12%        N/A       100%        8
 Discord                  Hex            9%         N/A       100%        8
 Necromutation            Tmut/Necr      11%        N/A       100%        8
 Death's Door             Necr           12%        N/A       100%        9
 Shatter                  Erth           18%        3d17*     100%        9


Dungeon Overview and Level Annotations

Branches:
Dungeon (15/15)            Temple (1/1) D:6            Lair (4/5) D:9
 Shoals (4/4) Lair:2       Spider (4/4) Lair:2        Slime (5/5) Lair:4
    Orc (2/2) D:11            Elf (3/3) Orc:2        Vaults (5/5) D:13
  Crypt (3/3) Vaults:2       Tomb (1/3) Crypt:3      Depths (4/4) D:15
   Hell (visited)             Dis (0/7) Hell            Geh (0/7) Hell
    Coc (0/7) Hell            Tar (0/7) Hell            Zot (5/5) Depths:4
Ossuary (visited)          Bailey (visited)         Gauntlet (visited)

Altars:
Ashenzari
Cheibriados
Dithmenos
Elyvilon
Fedhas
Gozag
Hepliaklqana
Kikubaaqudgha
Makhleb
Nemelex Xobeh
Okawaru
Qazlal
Ru
Sif Muna
Trog
Uskayaw
Vehumet
Wu Jian
Xom
Yredelemnul
Zin
The Shining One
Jiyva

Shops:
D:1 :   D:4 !   D:10 *   Orc:2 =[!([   Shoals:3 !   Vaults:1 (   Vaults:3 *
Depths:4 =[

Portals:
Hell: Depths:1 Depths:2 Depths:3 Depths:4
Abyss: Depths:2 Depths:3
Pandemonium: Depths:2 Depths:4
Ziggurat: Depths:4
Trove: Vaults:1 (give 14 scrolls of teleportation)

Annotations:
Elf:2 3 runed translucent doors


Innate Abilities, Weirdness & Mutations

You are small and have problems with some larger weapons.
You are completely attuned to the shadows.
You are partially covered in iridescent scales. (AC +2)
You are agile. (Dex +4, Str/Int -1)
Your flesh is cold resistant. (rC+)
Your body sometimes deteriorates upon taking damage.
Your magical capacity is low. (-10% MP)
You are strong-willed. (Will+)
Your muscles are strong. (Str +4, Int/Dex -1)
Your spells are a little easier to cast, but a little less powerful.


Message History

The Orb Guardian is heavily wounded.
The Orb Guardian hits you!
You shoot a sling bullet. The sling bullet hits the Orb Guardian.
The Orb Guardian is splashed with acid.
The Orb Guardian seems to be corroded for longer.
The Orb Guardian is severely wounded.
You block the Orb Guardian's attack.
You shoot a sling bullet.
The sling bullet hits the Orb Guardian!!
The Orb Guardian is splashed with acid!
The Orb Guardian seems to be corroded for longer.
The Orb Guardian is almost dead.
The Orb Guardian hits you!!
You shoot a sling bullet. The sling bullet hits the Orb Guardian!
You kill the Orb Guardian!
Vehumet accepts your kill.
There is an escape hatch in the ceiling here.
A mysterious force pulls you upwards. The hatch slams shut behind you.
You start resting.
(D) Dungeon (T) Temple (L) Lair (A) Shoals (N) Spider Nest (M) Slime Pits (O) Orcish Mines (E) Elven Halls (V) Vaults (C) Crypt (W) Tomb (U) Depths (H) Hell (I) Dis (G) Gehenna (X) Cocytus (Y) Tartarus (Z) Zot
Where to? (Enter - D:1 @ (x,y), ? - help)
What level of the Dungeon? (default 1, ? - help)
There is an open door here.
There is an open door here.
Things that are here:
a +0 club; a +0 sling
There is an open door here.
You see here a +0 chain mail.
You open the door.
There is an open door here.
There is a stone staircase leading up here.
You climb upwards.
There is a stone staircase leading down here.
There is an open door here.
There is a staircase leading out of the dungeon here.
You have escaped!

......#########...#........#
#.
......##......#P.P#........#
#.
#.....##.####.#P.P#........#
#.
########.####.#P.P#.########
#. #
#.#....#P.P#.############. #
#.#.####P.P#...#..........
########.#.#
#P.P###.#..........
.........#.# #P.P#
#............ .#########'##
#P@P# ##...########
.##.........# #P.P#
###....##### .##..#.#....#
#P.P# #..........#
.##..#......# #P.P#
#........... .##..####...#
#P.P# #...........
.##..†..'...# #P.P#
##........... .##.#####...#
#P.P# #.........)#.
.##.#####...# #P.P#
#..........#.
###........####...#
#..........#.


There were no monsters in sight!

Vanquished Creatures
  3 dread liches
  3 orbs of fire (Zot:5)
  Mara (Shoals:4)
  A royal mummy (Tomb:1)
  Xtahua (Depths:4)
  4 curse toes
  6 golden dragons
  An electric golem (Zot:1)
  8 tentacled monstrosities
  4 liches
  A shard shrike skeleton (Crypt:3)
  A titan (Vaults:5)
  12 Orb Guardians
  4 death cobs
  4 acid blobs
  2 quicksilver dragons
  8 sphinxes
  Gastronok (D:9)
  5 ancient champions
  6 storm dragons
  Agnes (Spider:2)
  2 draconian monks
  The ghost of Koud Lun the Slayer, an adept DjCj of Ashenzari (D:15)
  2 shadow dragons
  4 tengu reavers
  Kirke (Lair:3)
  5 rockslimes
  3 azure jellies (Slime:5)
  10 vault wardens
  A draconian knight (Zot:4)
  6 ghost moths
  3 frost giants
  5 fire giants
  2 draconian scorchers (Zot:4)
  A balrug (Depths:1)
  A shard shrike simulacrum (Crypt:3)
  3 iron dragons
  7 ghouls
  9 ironbound preservers
  2 draconian shifters (Zot:4)
  An emperor scorpion (Spider:3)
  A juggernaut zombie (Crypt:1)
  3 war gargoyles
  A draconian stormcaller (Zot:4)
  5 reapers (Hell)
  A draconian annihilator (Zot:3)
  4 quicksilver oozes (Slime:5)
  5 very ugly things
  16 vampire knights
  An ironbound thunderhulk (Vaults:4)
  8 stone giants
  A green draconian (Zot:3)
  A deep elf annihilator (Elf:3)
  A stone giant (shapeshifter) (Vaults:5)
  A dire elephant (Vaults:3)
  2 deep elf demonologists
  6 white draconians
  4 purple draconians
  A lorocyproca (Depths:1)
  A yellow draconian (Zot:4)
  A red draconian (Zot:1)
  8 spark wasps
  A minotaur (Gauntlet)
  4 black draconians
  7 eidola
  4 ettins
  4 deep elf death magi
  2 nameless horrors
  4 crystal guardians
  2 merfolk javelineers (Shoals:4)
  2 fire dragons (Depths:4)
  3 mummy priests
  2 merfolk impalers
  A quicksilver dragon zombie (Crypt:2)
  6 jiangshi
  10 yaktaur captains
  3 entropy weavers
  A deep elf high priest (Vaults:5)
  3 great orbs of eyes
  A rakshasa (Depths:2)
  An elf skeleton (Tomb:1)
  A hell beast (Depths:3)
  A spriggan zombie (Hell)
  2 ice dragons
  2 spriggan air magi
  A peacekeeper (Vaults:2)
  32 vault guards
  A juggernaut simulacrum (Crypt:3)
  A spriggan skeleton (Crypt:2)
  A radroach (Spider:1)
  A fenstrider witch zombie (Crypt:3)
  A hydra (D:15)
  4 catoblepae
  2 jorogumos
  3 ironbound frosthearts
  An ogre mage (Vaults:4)
  9 centaur warriors
  3 deep troll shamans
  4 boulder beetles
  7 dancing weapons
  9 two-headed ogres
  A merfolk aquamancer (Shoals:2)
  10 death scarabs
  12 vampire magi
  3 hell hogs
  8 death yaks
  2 tengu warriors
  3 deep troll earth magi (Vaults:5)
  3 spriggan berserkers
  6 orc high priests
  4 titan zombies (Crypt:3)
  A shock serpent (shapeshifter) (Vaults:3)
  A deep elf knight (Elf:1)
  Urug (Orc:2)
  An emperor scorpion zombie (Crypt:2)
  An iron troll (Vaults:5)
  5 sun demons
  Nergalle (Lair:3)
  11 hell knights
  Amaemon (Lair:2)
  5 soul eaters
  5 pharaoh ants
  7 shadow wraiths
  29 skeletal warriors
  A fire crab (Lair:1)
  7 skysharks
  A ghost moth zombie (Crypt:3)
  6 sea snakes
  A sixfirhy (D:13)
  A shadow demon (Depths:2)
  19 deep trolls
  2 deep elf archers
  2 spriggan simulacra
  15 ironbound convokers
  3 flayed ghosts
  3 bog bodies
  8 wizards
  An iron giant skeleton (Crypt:1)
  2 spectral jorogumos (Spider:4)
  24 phantasmal warriors
  7 orb spiders
  10 wolf spiders
  A bunyip skeleton (Crypt:2)
  2 deep elf zephyrmancers
  A steelbarb worm (Spider:4)
  A wolf spider zombie (D:15)
  9 necromancers
  15 harpies
  7 deep elf pyromancers
  10 orc knights
  2 orc sorcerers
  A stone giant zombie (Tomb:1)
  7 manticores
  3 fauns (Shoals:2)
  A shining eye (Slime:3)
  3 merfolk sirens (Shoals:4)
  13 ugly things
  5 elephants (Lair:4)
  9 moths of wrath
  7 cyclopes
  An apocalypse crab (Depths:3)
  2 centaur zombies
  8 rust devils
  A stone giant skeleton (Tomb:1)
  A black mamba (Lair:4)
  5 cane toads
  4 smoke demons
  5 dire elephant zombies
  A torpor snail (Spider:1)
  3 water nymphs (Shoals:2)
  6 vault sentinels
  A molten gargoyle (Depths:1)
  An orange demon (Lair:2)
  3 gargoyles
  A spectral redback (Spider:4)
  10 yaktaurs
  10 freezing wraiths
  3 rime drakes
  7 komodo dragons
  An unseen horror (shapeshifter) (Vaults:3)
  A rime drake (shapeshifter) (D:13)
  A minotaur skeleton (Crypt:3)
  A redback zombie (Crypt:3)
  2 unseen horrors (Depths:2)
  A kobold demonologist (D:14)
  10 guardian mummies
  2 alligator snapping turtle skeletons
  A yaktaur (shapeshifter) (Vaults:5)
  A tengu conjurer (D:15)
  A pale draconian zombie (Crypt:1)
  2 anaconda simulacra
  A red devil (Hell)
  A tormentor (Zot:5)
  A catoblepas skeleton (Crypt:3)
  A golden dragon simulacrum (Zot:2)
  3 wind drakes
  A hydra zombie (Crypt:3)
  2 harpy zombies
  2 hornets (Depths:3)
  5 trolls
  11 merfolk
  A raiju (Gauntlet)
  2 polar bears (D:13)
  7 tarantellas
  2 dream sheep (Shoals:3)
  2 snapping turtles
  2 ettin zombies (Crypt:3)
  4 blink frogs (Lair:1)
  35 slime creatures
  A centaur simulacrum (Hell)
  4 shadows
  4 flying skulls
  36 yaks
  3 spriggans (Depths:3)
  Sigmund (D:4)
  18 culicivoras
  21 jumping spiders
  A ynoxinul (D:3)
  2 dire elephant simulacra (Crypt:3)
  An orc simulacrum (Crypt:3)
  An air elemental (Elf:2)
  A meliai zombie (Crypt:2)
  An ettin skeleton (Hell)
  A stone giant simulacrum (Hell)
  An alligator skeleton (Crypt:1)
  2 wyverns
  A vampire (D:12)
  An ushabti (Tomb:1)
  8 water elementals
  11 wraiths
  A golden eye (Slime:4)
  4 steam dragons
  4 basilisks
  3 hogs (Lair:3)
  A redback (shapeshifter) (Vaults:5)
  A red draconian simulacrum (Zot:2)
  33 redbacks
  5 vampire mosquitoes
  2 harpy simulacra
  A warg (Orc:1)
  A human skeleton (Vaults:3)
  An acid dragon (D:10)
  A swamp worm (shapeshifter) (Vaults:5)
  2 swamp worms (Gauntlet)
  A two-headed ogre skeleton (Crypt:1)
  4 water moccasins
  2 hell hounds (Hell)
  A floating eye (Slime:5)
  An ice beast (D:5)
  44 orc warriors
  2 black bears
  3 sky beasts
  2 black mamba simulacra
  12 ogres
  4 boggarts
  6 centaurs
  13 wolves
  2 phantoms
  4 kobold brigands
  10 bullfrogs
  6 elf zombies
  A necrophage (Crypt:1)
  3 naga simulacra (Crypt:3)
  2 gnoll sergeants
  4 scorpions
  An earth elemental (Elf:1)
  2 warg zombies (Crypt:3)
  16 wights
  A swamp dragon simulacrum (Hell)
  A warg skeleton (Crypt:3)
  4 killer bees (D:10)
  8 howler monkeys
  A quasit (D:12)
  A jelly (D:6)
  3 human zombies
  5 hounds
  A gnoll bouda (D:6)
  32 orc priests
  5 iguanas
  A sleepcap (D:5)
  18 orc wizards
  3 hell rats (D:9)
  A boggart skeleton (Crypt:1)
  A naga zombie (Crypt:2)
  2 hound zombies (Ossuary)
  8 mummies
  Robin (D:2)
  6 gnolls
  7 adders
  4 river rats (D:9)
  4 shadow imps
  3 white imps
  2 ufetubi
  3 adder zombies (Ossuary)
  A worm (D:4)
  4 dart slugs
  118 orcs
  7 ball pythons
  9 endoplasms
  4 giant cockroaches
  4 gnoll zombies (Ossuary)
  21 goblins
  14 hobgoblins
  5 jackals
  4 quokkas
  7 bats
  A frilled lizard zombie (Crypt:2)
  A goblin skeleton (Crypt:1)
  5 goblin zombies (Ossuary)
  A hobgoblin skeleton (Crypt:1)
  A hobgoblin zombie (Ossuary)
  5 jackal zombies (Ossuary)
  26 kobolds
  2 kobold zombies (Ossuary)
  6 quokka zombies (Ossuary)
  8 rats
  A rat skeleton (Crypt:2)
  3 rat zombies (Ossuary)
1586 creatures vanquished.

Vanquished Creatures (collateral kills)
  the Royal Jelly (Slime:5)
  Tiamat (Zot:4)
  A dread lich (Zot:5)
  An ancient lich (Zot:5)
  6 orbs of fire (Zot:5)
  A juggernaut (Zot:4)
  Josephina (Zot:2)
  Parghit (Depths:3)
  Saint Roka (Depths:4)
  4 Killer Klowns (Zot:5)
  Frederick (Depths:4)
  A curse toe (Zot:5)
  3 golden dragons
  Geryon (Hell)
  A bone dragon (Zot:4)
  Arachne (Spider:2)
  2 electric golems (Zot:5)
  8 tentacled monstrosities
  The ghost of Esmu the Warrior, an adept MiFi of Okawaru (Elf:1)
  3 liches
  15 Orb Guardians (Zot:5)
  2 titans
  A Hell Sentinel (D:7)
  6 quicksilver dragons
  2 deep elf blademasters (Elf:3)
  3 ancient champions
  2 deep elf master archers (Elf:3)
  2 krakens
  9 sphinxes
  5 death cobs
  10 acid blobs
  5 tengu reavers
  5 shadow dragons
  6 storm dragons
  A revenant (Crypt:2)
  4 azure jellies
  3 draconian knights
  4 draconian monks
  7 fire giants
  2 draconian scorchers
  7 frost giants
  An emperor scorpion (Spider:4)
  3 deep elf sorcerers (Elf:3)
  Aizul (Spider:2)
  7 rockslimes
  2 iron dragons
  2 ghost moths
  12 vault wardens
  4 deep elf elementalists (Elf:3)
  Louise (Shoals:3)
  A reaper (Hell)
  An orc warlord (Vaults:4)
  5 draconian annihilators
  5 draconian shifters
  A ghoul (Crypt:1)
  16 ironbound preservers
  A draconian stormcaller (Depths:4)
  A quicksilver ooze (shapeshifter) (Depths:3)
  6 vampire knights
  The ghost of Umososh the Warrior, a journeyman MiBe of Trog (Orc:1)
  20 very ugly things
  10 stone giants
  2 war gargoyles (Vaults:2)
  3 quicksilver oozes
  7 green draconians
  8 black draconians
  5 ironbound thunderhulks
  3 deep elf annihilators (Elf:3)
  17 purple draconians
  2 white draconians
  19 dire elephants
  A wendigo (Hell)
  5 deep elf demonologists (Elf:3)
  10 spark wasps
  4 red draconians
  6 yellow draconians
  7 ettins
  2 eidola
  5 deep elf death magi
  A mummy priest (Tomb:1)
  3 merfolk impalers
  3 merfolk javelineers (Shoals:4)
  9 yaktaur captains
  2 deep elf high priests (Elf:3)
  5 entropy weavers
  6 jiangshi
  2 fire dragons
  5 ice dragons
  A quicksilver dragon skeleton (Crypt:1)
  10 great orbs of eyes
  A rakshasa (Depths:2)
  2 peacekeepers
  9 vault guards
  A hydra (shapeshifter) (Depths:3)
  A radroach (Spider:3)
  A spriggan air mage (Depths:4)
  9 centaur warriors
  7 ironbound frosthearts
  2 jorogumos
  An ogre mage (Depths:2)
  An alligator snapping turtle (Shoals:4)
  A death knight (Crypt:2)
  2 dancing weapons
  4 merfolk avatars
  3 vampire magi
  A satyr (Shoals:3)
  6 merfolk aquamancers
  A boulder beetle (Vaults:1)
  9 deep troll shamans
  A hell hog (Hell)
  10 death scarabs
  4 two-headed ogres (Depths:2)
  6 deep troll earth magi
  An orc high priest (Elf:1)
  3 soul eaters
  3 tengu warriors
  9 deep elf knights
  3 spriggan berserkers
  13 hell knights
  3 sun demons
  A titan skeleton (Crypt:1)
  A skyshark (Shoals:1)
  7 pharaoh ants
  15 skeletal warriors
  4 iron trolls
  A sun moth (Spider:3)
  14 sea snakes
  70 deep trolls
  A sea snake (shapeshifter) (Depths:1)
  A swamp dragon (shapeshifter) (Vaults:5)
  7 orb spiders
  4 flayed ghosts
  6 wizards
  5 necromancers
  A spectral jorogumo (Spider:4)
  9 phantasmal warriors
  6 glowing orange brains
  2 orange crystal statues
  6 deep elf archers
  6 steelbarb worms
  6 lindwurms
  A wolf spider zombie (Spider:4)
  10 ironbound convokers
  2 orc knights (Vaults:5)
  7 wolf spiders
  A lindwurm (shapeshifter) (Vaults:1)
  12 deep elf pyromancers
  15 deep elf zephyrmancers
  9 harpies
  A shadow dragon zombie (Crypt:3)
  2 shining eyes
  35 ugly things
  A cyclops (Shoals:3)
  A rust devil (Depths:2)
  2 fauns (Shoals:2)
  13 moths of wrath
  7 manticores
  A stone giant skeleton (Vaults:3)
  6 merfolk sirens
  9 apocalypse crabs (Depths:3)
  3 water nymphs
  A centaur zombie (D:15)
  A dire elephant zombie (Crypt:1)
  6 eyes of devastation
  A titan simulacrum (Crypt:3)
  19 vault sentinels
  4 demonic crawlers
  A naga skeleton (Crypt:1)
  2 centaur skeletons
  2 redback zombies (Spider:4)
  A rime drake (shapeshifter) (Vaults:1)
  A golden dragon simulacrum (Zot:2)
  19 yaktaurs
  A spectral redback (Spider:4)
  An ice devil (Depths:2)
  6 freezing wraiths (Crypt:3)
  4 tengu conjurers
  A hornet (Depths:3)
  A hornet (shapeshifter) (Vaults:5)
  A wind drake (shapeshifter) (Vaults:5)
  2 guardian mummies
  14 merfolk
  3 spectral culicivoras (Spider:4)
  9 tarantellas
  3 wind drakes
  7 large abominations (Elf:1)
  A culicivora zombie (Spider:4)
  2 tarantella zombies (Spider:4)
  2 spectral jumping spiders (Spider:4)
  A nameless horror (Vaults:1)
  9 snapping turtles
  66 slime creatures
  7 flying skulls
  6 jumping spiders
  8 water elementals
  10 culicivoras
  An air elemental (Elf:1)
  A ynoxinul (Depths:2)
  4 wraiths (Crypt:3)
  4 fire elementals (Elf:2)
  3 golden eyes (Slime:4)
  A basilisk (Shoals:4)
  A chaos spawn (Depths:2)
  18 redbacks
  2 yaktaur simulacra
  A warg (Vaults:5)
  A naga zombie (Hell)
  A moth of wrath simulacrum (Zot:2)
  A hell hound (Hell)
  A cane toad skeleton (Crypt:3)
  2 human zombies
  9 orc warriors
  A boggart (Depths:2)
  An ogre (Elf:1)
  A deep troll simulacrum (Vaults:3)
  A human skeleton (Vaults:1)
  2 elf zombies (Elf:1)
  A vine stalker zombie (Crypt:1)
  3 naga simulacra
  2 mummies
  11 orcs
  A kobold skeleton (Crypt:1)
  2 tentacles
1124 creatures vanquished.

Vanquished Creatures (others)
  The ghost of Xaebebb the Destroyer, an adept DrCj of Vehumet (Spider:3)
  8 eldritch tentacles (Zot:5)
  A fire giant (Vaults:4)
  An emperor scorpion (Spider:3)
  A wizard (Vaults:2)
  A harpy (Shoals:2)
  An orc knight (Bailey)
  A moth of wrath (Spider:3)
  A water elemental (Elf:2)
  An orc (Vaults:5)
  A bush (Lair:3)
  9 fulminant prisms
  50 fungi
  169 plants
  7 tentacles
  45 withered plants
298 creatures vanquished.

Grand Total: 3008 creatures vanquished

Notes
Turn   | Place    | Note
-------+----------+-------------------------------------------
     0 | D:5      | jt the Kobold Delver began the quest for the Orb.
     0 | D:5      | Reached XP level 1. HP: 14/14 MP: 1/1
     3 | D:4      | Noticed an orc priest
     3 | D:4      | Noticed an orc wizard
     5 | D:4      | Killed an orc wizard
     6 | D:4      | Reached XP level 2. HP: 19/19 MP: 2/2
     6 | D:4      | Reached XP level 3. HP: 23/23 MP: 3/3
   402 | D:1      | Reached XP level 4. HP: 29/29 MP: 4/4
   511 | D:1      | Found a faded altar of an unknown god.
   520 | D:1      | Prayed at the altar of an unknown god.
   520 | D:1      | Became a worshipper of Vehumet
   520 | D:1      | Reached * piety under Vehumet
   520 | D:1      | Offered knowledge of Kiss of Death by Vehumet.
   575 | D:1      | Learned a level 1 spell: Kiss of Death
   729 | D:1      | Found Acocy's Book Shop.
  1338 | D:2      | Offered knowledge of Sandblast by Vehumet.
  1351 | D:2      | Reached ** piety under Vehumet
  1496 | D:2      | Reached XP level 5. HP: 31/33 MP: 5/5
  1639 | D:2      | Reached skill level 1 in Spellcasting
  1691 | D:2      | Noticed Robin
  1701 | D:2      | Reached skill level 1 in Necromancy
  1712 | D:2      | Reached skill level 1 in Conjurations
  1746 | D:2      | Found a blossoming altar of Fedhas.
  1752 | D:2      | Killed Robin
  2362 | D:3      | Offered knowledge of Scorch by Vehumet.
  2366 | D:3      | Learned a level 2 spell: Scorch
  2405 | D:3      | Found an iron altar of Okawaru.
  2405 | D:3      | Found a shimmering altar of Xom.
  2405 | D:3      | Found a burning altar of Makhleb.
  3044 | D:4      | Noticed Sigmund
  3075 | D:4      | Found an ornate altar of the Wu Jian Council.
  3135 | D:5      | Reached XP level 6. HP: 37/39 MP: 8/8
  3178 | D:5      | Noticed a steam dragon
  3181 | D:5      | Killed a steam dragon
  3182 | D:5      | Reached skill level 2 in Conjurations
  3206 | D:5      | Noticed an ice beast
  3210 | D:5      | Killed an ice beast
  3211 | D:5      | Reached skill level 5 in Fighting
  3211 | D:5      | Reached XP level 7. HP: 44/44 MP: 10/10
  3320 | D:5      | Reached skill level 5 in Dodging
  3487 | D:4      | Reached skill level 1 in Fire Magic
  3498 | D:4      | Reached *** piety under Vehumet
  3581 | D:4      | Reached XP level 8. HP: 50/50 MP: 0/11
  3684 | D:4      | Found Belot's Distillery.
  3716 | D:4      | Bought a potion of heal wounds for 60 gold pieces
  3716 | D:4      | Bought a potion of curing for 36 gold pieces
  3716 | D:4      | Bought a potion of might for 48 gold pieces
  3834 | D:4      | Killed Sigmund
  3835 | D:4      | Reached skill level 1 in Evocations
  3971 | D:4      | Reached skill level 5 in Short Blades
  3971 | D:4      | Reached skill level 3 in Conjurations
  4237 | D:5      | Offered knowledge of Iskenderun's Mystic Blast by Vehumet.
  4253 | D:5      | Learned a level 4 spell: Iskenderun's Mystic Blast
  4676 | D:5      | Reached skill level 1 in Translocations
  4831 | D:6      | Identified the +0 leather armour "Orgheyre" {Str+5}
  4872 | D:6      | Reached XP level 9. HP: 55/55 MP: 13/13
  4980 | D:6      | Reached skill level 1 in Armour
  5091 | D:6      | Found a sand-covered staircase.
  5097 | Ossuary  | Entered an ossuary
  5128 | Ossuary  | Reached **** piety under Vehumet
  5157 | Ossuary  | Offered knowledge of Yara's Violent Unravelling by Vehumet.
  5393 | Ossuary  | Reached skill level 4 in Conjurations
  5566 | Ossuary  | Reached ***** piety under Vehumet
  6119 | D:6      | Offered knowledge of Ozocubu's Refrigeration by Vehumet.
  6458 | D:6      | Found a staircase to the Ecumenical Temple.
  6464 | Temple   | Entered the Ecumenical Temple
  6774 | D:7      | Identified a scroll of acquirement
  6775 | D:7      | Acquired the ring of Dithmenos, Building {Fly rElec Int+3}
  6847 | D:7      | Found a flagged portal.
  6857 | Bailey   | Entered a bailey
  6878 | Bailey   | Reached skill level 5 in Conjurations
  6893 | Bailey   | Learned a level 3 spell: Volatile Blastmotes
  6938 | Bailey   | Reached XP level 10. HP: 53/63 MP: 7/14
  7386 | Bailey   | Noticed an orc knight
  7387 | Bailey   | Reached skill level 5 in Spellcasting
  7387 | Bailey   | Reached skill level 7 in Conjurations
  7387 | Bailey   | Reached skill level 5 in Fire Magic
  7387 | Bailey   | Reached skill level 5 in Evocations
  7387 | Bailey   | Reached XP level 11. HP: 71/71 MP: 15/19
  7424 | Bailey   | Noticed an orc knight
  7430 | Bailey   | Noticed an orc knight
  8309 | D:7      | Found a sacrificial altar of Ru.
  8586 | D:7      | Got the Precepts of the Rotting Chill
  8591 | D:7      | Learned a level 3 spell: Frozen Ramparts
  9197 | D:8      | Reached skill level 1 in Ice Magic
 10404 | D:9      | Noticed a death yak
 10514 | D:9      | Found a stormy altar of Qazlal.
 10521 | D:9      | Found a radiant altar of Vehumet.
 10523 | D:9      | Found an opulent altar of Gozag.
 10618 | D:9      | Noticed Gastronok
 10642 | D:9      | Killed Gastronok
 10643 | D:9      | Reached skill level 10 in Fighting
 10896 | D:9      | Reached skill level 8 in Conjurations
 11066 | D:9      | Noticed a death yak
 11069 | D:9      | Noticed a death yak
 11081 | D:9      | Identified the +0 plate armour of Goss {Will+ Stlth+}
 11111 | D:8      | Learned a level 4 spell: Fulminant Prism
 11446 | D:1      | Bought a book of Spatial Translocations for 252 gold pieces
 11449 | D:1      | Learned a level 2 spell: Blink
 11814 | D:8      | Killed a death yak
 11815 | D:8      | Reached XP level 12. HP: 50/77 MP: 2/20
 11980 | D:9      | Found a staircase to the Lair.
 11990 | Lair:1   | Entered Level 1 of the Lair of Beasts
 12179 | Lair:1   | Noticed a fire crab
 12191 | Lair:1   | Killed a fire crab
 12192 | Lair:1   | Reached skill level 10 in Short Blades
 12542 | D:10     | Entered Level 10 of the Dungeon
 12545 | D:10     | Found a transporter.
 12556 | D:10     | Noticed a two-headed ogre
 12564 | D:10     | Killed a two-headed ogre
 12626 | D:10     | Found Nielat's Assorted Antiques.
 12631 | D:10     | Bought a bloodstained hand axe for 208 gold pieces
 12631 | D:10     | Identified the +5 hand axe of Upliunana {speed, rN+} (You
                  | bought it in a shop on level 10 of the Dungeon)
 13714 | D:10     | Reached skill level 9 in Conjurations
 14098 | D:10     | Found a transporter.
 16445 | Lair:2   | Found a hole to the Spider Nest.
 16563 | Lair:2   | Reached XP level 13. HP: 65/84 MP: 8/23
 16887 | Lair:2   | Offered knowledge of Conjure Ball Lightning by Vehumet.
 16972 | Lair:2   | Found a staircase to the Shoals.
 17299 | Lair:2   | Reached skill level 10 in Conjurations
 17524 | Lair:2   | Noticed Amaemon
 17798 | Lair:2   | Killed Amaemon
 18728 | D:11     | Found a staircase to the Orcish Mines.
 19846 | D:11     | Learned a level 4 spell: Olgreb's Toxic Radiance
 19872 | Orc:1    | Entered Level 1 of the Orcish Mines
 20026 | D:12     | Reached skill level 1 in Poison Magic
 20908 | D:12     | Noticed a centaur warrior
 22096 | Orc:2    | Entered Level 2 of the Orcish Mines
 22114 | Orc:2    | Found Vodial's Jewellery Shop.
 22177 | Orc:2    | Noticed Urug
 22334 | Orc:1    | Reached skill level 5 in Poison Magic
 22553 | Orc:2    | Killed Urug
 22576 | Orc:1    | Reached XP level 14. HP: 88/88 MP: 2/26
 22705 | Orc:2    | Offered knowledge of Starburst by Vehumet.
 23474 | Orc:2    | Reached ****** piety under Vehumet
 23654 | Orc:1    | Learned a level 6 spell: Starburst
 24073 | Orc:2    | Found a staircase to the Elven Halls.
 24308 | Orc:2    | Reached skill level 10 in Spellcasting
 24642 | Orc:2    | Found Femmetz's Antique Armour Emporium.
 24642 | Orc:2    | Found Pumuubeg's Antique Weapon Shoppe.
 24642 | Orc:2    | Found Ateinyme's Distillery.
 24642 | Orc:2    | Found Odoesk's Armour Emporium.
 24650 | Orc:2    | Bought 2 potions of heal wounds for 120 gold pieces
 24691 | Orc:2    | Bought an ichor-stained scale mail for 315 gold pieces
 24691 | Orc:2    | Identified the +1 scale mail of the Shining Light {rC-
                  | Dex+5} (You bought it in a shop on level 2 of the Orcish
                  | Mines)
 24691 | Orc:2    | Bought a pair of runed gloves for 262 gold pieces
 24692 | Orc:2    | Bought 2 potions of invisibility for 192 gold pieces
 25240 | Orc:1    | Found a runed translucent door.
 25288 | Orc:1    | Found a shimmering altar of Xom.
 25288 | Orc:1    | Noticed Umososh's ghost (journeyman MiBe)
 26987 | Lair:3   | Acquired the +1 pair of gloves of Terror {rElec rF- Will+++
                  | Dex+4}
 27101 | Lair:3   | Noticed Kirke
 27113 | Lair:3   | Killed Kirke
 27113 | Lair:3   | Offered knowledge of Spellforged Servitor by Vehumet.
 27176 | Lair:2   | Learned a level 7 spell: Spellforged Servitor
 27809 | Lair:3   | Noticed Nergalle
 27815 | Lair:3   | Killed Nergalle
 27816 | Lair:3   | Reached skill level 1 in Summonings
 28487 | Lair:4   | Found a viscous altar of Jiyva.
 28488 | Lair:4   | Found a staircase to the Slime Pits.
 28552 | Lair:4   | Reached XP level 15. HP: 68/95 MP: 4/30
 28726 | Lair:4   | Reached skill level 11 in Conjurations
 29832 | Spider:1 | Entered Level 1 of the Spider Nest
 30328 | Orc:2    | Bought a +1 helmet of intelligence for 264 gold pieces
 30845 | Spider:1 | Reached skill level 10 in Dodging
 30991 | Spider:1 | Offered knowledge of Fireball by Vehumet.
 32370 | Spider:2 | Learned a level 5 spell: Fireball
 32797 | D:13     | Found a gate leading to a gauntlet.
 32805 | Gauntlet | Entered a Gauntlet
 32809 | Gauntlet | Found a transporter.
 32834 | Gauntlet | Found a transporter.
 32860 | Gauntlet | Found a transporter.
 32874 | Gauntlet | Found a transporter.
 32890 | Gauntlet | Found a transporter.
 32911 | Gauntlet | Noticed a balrug
 32926 | Gauntlet | Found a transporter.
 32949 | Gauntlet | Found a transporter.
 32963 | Gauntlet | Found a transporter.
 33017 | Gauntlet | Found a transporter.
 33283 | Gauntlet | Found a transporter.
 33577 | Gauntlet | Identified the +3 kite shield "Kipsani" {Rampage Int+6}
 34298 | D:13     | Reached XP level 16. HP: 62/100 MP: 8/33
 34331 | D:13     | Identified the +0 sling of Ukaonk {flame, Str+3}
 34777 | D:13     | Reached skill level 5 in Summonings
 34814 | D:13     | Offered knowledge of Plasma Beam by Vehumet.
 35255 | D:13     | Found a gate to the Vaults.
 35775 | D:13     | Found a runed translucent door.
 35891 | Orc:2    | Bought a ring of poison resistance for 200 gold pieces
 36501 | Spider:2 | Noticed Agnes
 37223 | D:13     | Noticed a fire giant
 37357 | D:13     | HP: 2/100 [nameless horror[miscasting Spellforged Servitor]
                  | (20)]
 38887 | D:15     | Entered Level 15 of the Dungeon
 39209 | D:15     | Found a large runed translucent door.
 39210 | D:15     | Found a large runed translucent door.
 39866 | D:15     | Reached skill level 15 in Spellcasting
 40008 | D:15     | Learned a level 6 spell: Plasma Beam
 40190 | D:15     | Found a staircase to the Depths.
 40264 | D:15     | Noticed Koud Lun's ghost (adept DjCj)
 40607 | Shoals:1 | Entered Level 1 of the Shoals
 41542 | Shoals:2 | Offered knowledge of Maxwell's Capacitive Coupling by
                  | Vehumet.
 41687 | Shoals:2 | Reached XP level 17. HP: 66/102 MP: 4/36
 41691 | Shoals:2 | Reached skill level 10 in Summonings
 42124 | Shoals:2 | Reached skill level 1 in Air Magic
 42774 | Shoals:3 | Noticed a kraken
 42776 | Shoals:3 | Killed a kraken
 43204 | Shoals:3 | Offered knowledge of Lehudib's Crystal Spear by Vehumet.
 43204 | Shoals:3 | Offered knowledge of Chain Lightning by Vehumet.
 43204 | Shoals:3 | Offered knowledge of Polar Vortex by Vehumet.
 43215 | Shoals:3 | Found Ydios's Distillery.
 43220 | Shoals:3 | Bought a potion of magic for 144 gold pieces
 43343 | Shoals:3 | Noticed Louise
 43346 | Shoals:3 | Killed Louise
 43606 | Shoals:3 | Identified the +1 pair of boots "Jihomumya" {Harm}
 44058 | Shoals:4 | Entered Level 4 of the Shoals
 44522 | Shoals:4 | Reached skill level 12 in Conjurations
 44685 | Shoals:4 | Got a barnacled rune of Zot
 44771 | Shoals:4 | Noticed Mara
 44778 | Shoals:4 | Identified the +7 short sword "Requtase" {heavy, Stlth+}
 45037 | Shoals:4 | Reached XP level 18. HP: 92/112 MP: 29/37
 45251 | Spider:2 | Killed Agnes
 45591 | Spider:2 | Noticed Aizul
 45596 | Spider:2 | Killed Aizul
 45864 | Spider:2 | Noticed Arachne
 45875 | Spider:2 | Killed Arachne
 46394 | Spider:3 | Reached skill level 5 in Air Magic
 47034 | Spider:3 | Found a transporter.
 47757 | Spider:3 | Found a transporter.
 47799 | Spider:3 | Noticed Xaebebb's ghost (adept DrCj)
 48320 | Spider:4 | Entered Level 4 of the Spider Nest
 48563 | Spider:4 | Reached skill level 13 in Conjurations
 49712 | Spider:4 | Reached XP level 19. HP: 120/120 MP: 29/38
 50662 | Spider:4 | Got a gossamer rune of Zot
 51067 | Vaults:1 | Entered Level 1 of the Vaults
 51927 | Vaults:1 | Found Kunie's Antique Weapon Boutique.
 51962 | Vaults:1 | Bought a glimmering war axe for 314 gold pieces
 51962 | Vaults:1 | Identified the +3 war axe of Lies {venom, +Blink rCorr
                  | Str+3} (You bought it in a shop on level 1 of the Vaults)
 52325 | Vaults:1 | Reached skill level 14 in Conjurations
 52802 | Vaults:1 | Learned a level 6 spell: Dispersal
 52936 | Vaults:1 | Found a portal to a secret trove of treasure.
 54280 | Vaults:2 | Reached XP level 20. HP: 128/128 MP: 15/39
 54666 | Vaults:2 | Reached skill level 15 in Fighting
 55209 | Vaults:2 | Reached skill level 15 in Dodging
 56058 | Vaults:1 | Reached skill level 15 in Conjurations
 56227 | Elf:1    | Entered Level 1 of the Elven Halls
 56614 | Elf:1    | Identified the +3 quarterstaff "Undertaker" {flame, rC+
                  | rN+}
 56678 | Elf:1    | Identified the -1 cloak "Xajigufan" {rPois}
 56993 | Elf:1    | Found a runed translucent door.
 57000 | Elf:1    | Noticed Esmu's ghost (adept MiFi)
 57011 | Elf:1    | Killed Esmu's ghost
 57463 | Elf:1    | Identified the +5 sling "Gacofu" {speed, rElec Will- Dex+4}
 57977 | Elf:1    | Got the Precepts of Left-Handed Rites
 58921 | Elf:3    | Entered Level 3 of the Elven Halls
 59307 | D:1      | Bought a book of Geomancy for 252 gold pieces
 59307 | D:1      | Bought a book of the Moon for 560 gold pieces
 59311 | D:1      | Learned a level 3 spell: Stone Arrow
 59688 | Elf:2    | Reached skill level 1 in Earth Magic
 59975 | Elf:2    | Reached XP level 21. HP: 136/136 MP: 19/40
 60179 | Elf:2    | Found a runed translucent gate.
 60179 | Elf:2    | Found a runed translucent gate.
 60179 | Elf:2    | Found a runed translucent gate.
 61185 | Elf:3    | Reached skill level 5 in Armour
 61185 | Elf:3    | Reached skill level 5 in Earth Magic
 61340 | Elf:3    | Identified the +8 lajatang of Resap {pain, rC+ Dex+4} (You
                  | took it off a deep elf zephyrmancer on level 3 of the Elven
                  | Halls)
 61340 | Elf:3    | Identified the +1 robe of Ryoziur {rF+ rC+ rN+ SInv}
 61679 | Elf:3    | Identified the +7 hand axe of Autumn {holy, MP+9 Int+3}
 61716 | Elf:3    | Got the Quarto of the Death Scarab
 61720 | Elf:3    | Identified the staff of poison "Fecarchaejall" {Drain rPois
                  | Will+ Int+3}
 61732 | Elf:3    | Got the Encyclopedia of the Black Widow and the Catacomb
 61734 | Elf:3    | Got Lehudib's Quarto of Geological Combat Magic
 61739 | Elf:3    | Identified the +1 whip of Atuu {freeze, rF+}
 62266 | Vaults:2 | Reached skill level 1 in Shields
 62635 | Vaults:2 | You are sucked into a shaft and drop 1 floor!
 62970 | Vaults:3 | Reached skill level 5 in Shields
 63262 | Vaults:3 | Identified the +2 robe of the Shrike {rC- rN++}
 63666 | Vaults:3 | Found Segeob Hedd's Assorted Antiques.
 63672 | Vaults:3 | Bought a dazzling scimitar for 261 gold pieces
 63672 | Vaults:3 | Identified the +7 scimitar of Rijur {elec, Dex+4} (You
                  | bought it in a shop on level 3 of the Vaults)
 63952 | Vaults:2 | Reached XP level 22. HP: 116/141 MP: 25/41
 64932 | Vaults:2 | Found a staircase to the Crypt.
 64932 | Vaults:2 | Found an ancient bone altar of Kikubaaqudgha.
 64932 | Vaults:2 | Found a basalt altar of Yredelemnul.
 65166 | Vaults:3 | Reached skill level 1 in Ranged Weapons
 65174 | Vaults:3 | Noticed a dread lich
 65189 | Vaults:3 | Killed a dread lich
 65466 | Vaults:3 | Identified the amulet of Kiduamu {Acrobat rPois}
 65738 | Vaults:3 | Reached skill level 10 in Translocations
 65902 | Vaults:3 | Reached skill level 5 in Ranged Weapons
 67377 | Vaults:4 | Identified the +9 mace of the Gnashing Lamprey {vamp,
                  | *Noise rCorr Dex+3}
 68143 | Vaults:4 | Reached XP level 23. HP: 146/146 MP: 24/42
 69474 | Slime:1  | Entered Level 1 of the Pits of Slime
 69584 | Slime:3  | Gained mutation: You are strong-willed. (Will+) [a shining
                  | eye]
 70130 | Slime:5  | Entered Level 5 of the Pits of Slime
 70150 | Slime:5  | Noticed the Royal Jelly
 70574 | Slime:5  | HP: 7/146 [acid blob/splash of acid (4)]
 70958 | Slime:4  | Reached skill level 15 in Translocations
 71411 | Slime:5  | Killed the Royal Jelly
 72080 | Slime:5  | Identified the staff of cold "Vasch" {rC+ Int+3 SInv}
 72097 | Slime:5  | Identified the ring "Kerphom" {Contam rElec rC+ rN+ Str-4
                  | Dex+4}
 72119 | Slime:5  | Identified the +1 cloak "Gekeuwny" {Rampage rPois rC+ SInv}
 72135 | Slime:5  | Got a slimy rune of Zot
 72569 | Depths:1 | Entered Level 1 of the Depths
 73123 | Depths:1 | Reached XP level 24. HP: 146/152 MP: 24/42
 73386 | Depths:1 | Reached skill level 15 in Summonings
 73390 | Depths:1 | Identified the staff of air "Aduvezic" {rElec rF+ Dex+4}
 73561 | Depths:1 | Reached skill level 16 in Conjurations
 74719 | Depths:1 | Identified the +3 scale mail "Betuzar" {Dex+3}
 75114 | Depths:1 | Found a gateway to Hell.
 75695 | Depths:2 | Identified the amulet of Foolhardiness {+Inv Regen+}
 75934 | Depths:2 | Identified the +4 rapier of Grandeur {venom, rElec rCorr
                  | Str-3 Dex+5}
 76374 | Depths:2 | Found a one-way gate to the infinite horrors of the Abyss.
 76964 | Depths:2 | Found a one-way gate leading to the halls of Pandemonium.
 77498 | Depths:3 | Reached XP level 25. HP: 140/157 MP: 17/43
 78091 | Depths:3 | Reached skill level 17 in Conjurations
 78645 | Depths:3 | Noticed Parghit
 78682 | Depths:3 | Killed Parghit
 78929 | Depths:3 | Identified the +3 scale mail of the End {rCorr}
 79382 | Depths:3 | Paralysed by you for 2 turns
 79514 | Depths:3 | Identified the ring "Zex Keyc" {rPois MP+9 Slay+4}
 79672 | Depths:4 | Entered Level 4 of the Depths
 79756 | Depths:4 | Reached skill level 10 in Shields
 79767 | Depths:4 | Noticed Frederick
 79977 | Depths:4 | Killed Frederick
 80467 | Depths:4 | Found a one-way gateway to a ziggurat.
 80548 | Depths:4 | Found Oboirphe's Jewellery Emporium.
 80829 | Depths:4 | Noticed Xtahua
 80832 | Depths:4 | Killed Xtahua
 81185 | Depths:4 | Noticed Saint Roka
 81189 | Depths:4 | Killed Saint Roka
 81321 | Depths:4 | Found Ymie's Superior Scales.
 81434 | Depths:4 | Reached skill level 10 in Ranged Weapons
 81480 | Depths:4 | Found a gate to the Realm of Zot.
 81550 | Zot:1    | Entered Level 1 of the Realm of Zot
 83211 | Zot:1    | Reached XP level 26. HP: 142/163 MP: 20/43
 83505 | Zot:2    | Identified the ring "Yroin" {Ice rElec rN+ Dex+3}
 83505 | Zot:2    | Noticed Josephina
 83507 | Zot:2    | Killed Josephina
 83535 | Zot:2    | Reached skill level 10 in Fire Magic
 83949 | Zot:4    | Noticed a juggernaut
 84483 | Zot:3    | Noticed a curse toe
 84490 | Zot:3    | Killed a curse toe
 84491 | Zot:3    | Reached skill level 18 in Conjurations
 84723 | Zot:3    | Noticed a curse toe
 84736 | Zot:3    | Killed a curse toe
 85204 | Zot:4    | Noticed a curse toe
 85417 | Zot:3    | Killed a curse toe
 86114 | Zot:4    | Found the +4 dragonskin cloak
 86114 | Zot:4    | Noticed Tiamat
 86127 | Zot:4    | Killed Tiamat
 86851 | Zot:4    | Killed a juggernaut
 86852 | Zot:4    | Reached XP level 27. HP: 163/168 MP: 31/43
 87120 | Zot:5    | Entered Level 5 of the Realm of Zot
 87634 | Zot:5    | Learned a level 4 spell: Passage of Golubria
 87639 | Zot:5    | Learned a level 3 spell: Vhi's Electric Charge
 87706 | Zot:5    | Noticed a dread lich
 87715 | Zot:5    | Killed a dread lich
 87973 | Zot:5    | Noticed a dread lich
 87976 | Zot:5    | Noticed an orb of fire
 87977 | Zot:5    | Noticed an orb of fire
 87980 | Zot:5    | Noticed an orb of fire
 87981 | Zot:5    | Gained mutation: Your body sometimes deteriorates upon
                  | taking damage. [an orb of fire]
 87987 | Zot:5    | Gained mutation: Your body often deteriorates upon taking
                  | damage. [an orb of fire]
 87996 | Zot:5    | Gained mutation: You are frail. (-10% HP) [an orb of fire]
 87996 | Zot:5    | Lost mutation: You are frail. (-10% HP) [an orb of fire]
 87996 | Zot:5    | Gained mutation: You are occasionally teleported next to
                  | monsters. [an orb of fire]
 88037 | Zot:5    | Learned a level 8 spell: Lehudib's Crystal Spear
 88045 | Zot:5    | Noticed an orb of fire
 88052 | Zot:5    | Noticed an orb of fire
 88054 | Zot:5    | Gained mutation: You occasionally lose the ability to read
                  | scrolls when taking damage. [an orb of fire]
 88341 | Zot:4    | Lost mutation: Your body often deteriorates upon taking
                  | damage. [potion of mutation]
 88341 | Zot:4    | Lost mutation: You are occasionally teleported next to
                  | monsters. [potion of mutation]
 88341 | Zot:4    | Lost mutation: You are strong-willed. (Will+) [potion of
                  | mutation]
 88341 | Zot:4    | Gained mutation: You are agile. (Dex +4, Str/Int -1)
                  | [potion of mutation]
 88341 | Zot:4    | Gained mutation: You are weak. (Str -2) [potion of
                  | mutation]
 88777 | Crypt:1  | Entered Level 1 of the Crypt
 89915 | Crypt:1  | Found a basalt altar of Yredelemnul.
 90277 | Crypt:2  | Found an ancient bone altar of Kikubaaqudgha.
 90424 | Crypt:2  | Reached skill level 19 in Conjurations
 90716 | Crypt:3  | Entered Level 3 of the Crypt
 91634 | Crypt:3  | Found a basalt altar of Yredelemnul.
 93014 | Crypt:3  | Found a staircase to the Tomb.
 93270 | Crypt:3  | Identified the ring of the Morning {rElec rC+ rN+ Int-3
                  | Dex+3}
 93372 | Crypt:3  | Identified the ring "Helogets" {rElec rN+ Int+3 SInv}
 93602 | Crypt:3  | Identified the +2 short sword "Liurchif" {speed, Dex+4}
 93999 | Crypt:3  | Found a basalt altar of Yredelemnul.
 94102 | Crypt:3  | Identified the ring of the Tempest {rN+ Dex+8}
 94107 | Crypt:3  | Got the Directory of the Crypt
 94331 | Tomb:1   | Entered Level 1 of the Tomb of the Ancients
 94762 | Tomb:1   | Identified the +8 falchion of Ruraosch {vamp, rElec rF+
                  | rC+}
 94862 | Tomb:1   | Reached skill level 20 in Conjurations
 95390 | Tomb:1   | Noticed a royal mummy
 95392 | Tomb:1   | Noticed a royal mummy
 95416 | Tomb:1   | HP: 6/175 [royal mummy/divine providence (14)]
 95423 | Tomb:1   | Killed a royal mummy
 96228 | Hell     | Entered the Vestibule of Hell
 96230 | Hell     | Noticed Geryon
 97058 | Hell     | Killed Geryon
 97219 | Hell     | HP: 6/177 [phantasmal warrior (24)]
 98240 | Hell     | Found a gateway to the ashen valley of Gehenna.
 98556 | Hell     | Found a gateway to the decaying netherworld of Tartarus.
 98658 | Hell     | Paralysed by a wendigo for 1 turns
 98725 | Hell     | Found a gateway to the freezing wastes of Cocytus.
 98823 | Hell     | Found a gateway to the Iron City of Dis.
 99389 | Shoals:4 | Killed Mara
102232 | Spider:3 | Killed Xaebebb's ghost
102316 | Spider:3 | Identified the +2 pair of boots of Ennui {Stlth+}
102790 | D:15     | Killed Koud Lun's ghost
103043 | Orc:1    | Killed Umososh's ghost
103072 | Orc:1    | Learned a level 8 spell: Disjunction
103168 | Orc:2    | Bought a potion of cancellation for 96 gold pieces
103168 | Orc:2    | Bought a potion of haste for 120 gold pieces
103359 | D:10     | Bought 2 potions of heal wounds for 260 gold pieces
103359 | D:10     | Bought a potion of heal wounds for 130 gold pieces
103359 | D:10     | Bought a potion of brilliance for 104 gold pieces
103476 | D:4      | Bought a potion of curing for 36 gold pieces
103476 | D:4      | Bought a potion of haste for 120 gold pieces
103476 | D:4      | Bought a potion of haste for 120 gold pieces
103716 | Shoals:3 | Bought a potion of curing for 54 gold pieces
103716 | Shoals:3 | Bought a potion of curing for 54 gold pieces
103716 | Shoals:3 | Bought a potion of curing for 54 gold pieces
103716 | Shoals:3 | Bought a potion of resistance for 180 gold pieces
103716 | Shoals:3 | Bought a potion of resistance for 180 gold pieces
103716 | Shoals:3 | Bought 2 potions of might for 144 gold pieces
103716 | Shoals:3 | Bought a potion of cancellation for 144 gold pieces
104079 | Vaults:3 | Bought a potion of haste for 290 gold pieces
104079 | Vaults:3 | Bought 2 potions of magic for 464 gold pieces
104136 | Vaults:5 | Entered Level 5 of the Vaults
104469 | Vaults:5 | Reached skill level 21 in Conjurations
105686 | Vaults:5 | Identified the +2 shortbow of Doubt {antimagic, Dex+2}
106075 | Vaults:4 | HP: 6/179 [titan (46)]
107167 | Vaults:5 | Got a silver rune of Zot
107643 | Vaults:5 | Identified the +4 dagger of Ugoridghosesch {heavy, Str+2}
107771 | Vaults:5 | Identified the staff of earth "Cado" {rPois rCorr Int-3}
107851 | Vaults:5 | Found the amulet of the Four Winds {rN+ Will+++ Clar}
108865 | Vaults:5 | Identified the +1 whip of Shame {vamp, rElec rN++ Will+
                  | Int-2}
109002 | Vaults:5 | Found Poni's Distillery.
109006 | Vaults:5 | Bought a potion of haste for 180 gold pieces
109006 | Vaults:5 | Bought a potion of heal wounds for 90 gold pieces
109006 | Vaults:5 | Bought a potion of magic for 144 gold pieces
109006 | Vaults:5 | Bought a potion of curing for 54 gold pieces
109006 | Vaults:5 | Bought a potion of curing for 54 gold pieces
109006 | Vaults:5 | Bought a potion of might for 72 gold pieces
109006 | Vaults:5 | Bought a potion of heal wounds for 90 gold pieces
109127 | Vaults:5 | Identified the +1 dagger "Cooteo Jeody" {flame, rC+ rN+
                  | SInv}
109129 | Vaults:5 | Got the Grimoire of the Brilliant Lithosphere
109208 | Vaults:4 | Learned a level 7 spell: Malign Gateway
109789 | Zot:5    | Killed an orb of fire
109792 | Zot:5    | Killed an orb of fire
109797 | Zot:5    | Killed a dread lich
109877 | Zot:5    | Noticed an orb of fire
109884 | Zot:5    | Killed an orb of fire
109889 | Zot:5    | Noticed a Killer Klown
109929 | Zot:5    | Reached skill level 22 in Conjurations
109933 | Zot:5    | Noticed an orb of fire
109943 | Zot:5    | Noticed a Killer Klown
109943 | Zot:5    | Killed an orb of fire
109951 | Zot:5    | Killed a Killer Klown
109954 | Zot:5    | Killed a Killer Klown
109956 | Zot:5    | Gained mutation: Your body often deteriorates upon taking
                  | damage. [an orb of fire]
109958 | Zot:5    | Killed an orb of fire
109963 | Zot:5    | Lost mutation: You occasionally lose the ability to read
                  | scrolls when taking damage. [potion of mutation]
109963 | Zot:5    | Lost mutation: Your body often deteriorates upon taking
                  | damage. [potion of mutation]
109963 | Zot:5    | Lost mutation: You are weak. (Str -2) [potion of mutation]
109963 | Zot:5    | Gained mutation: Your flesh is cold resistant. (rC+)
                  | [potion of mutation]
109963 | Zot:5    | Gained mutation: Your muscles are strong. (Str +4, Int/Dex
                  | -1) [potion of mutation]
110602 | Zot:5    | Gained mutation: You are partially covered in iridescent
                  | scales. (AC +2) [an orb of fire]
110609 | Zot:5    | Killed an orb of fire
110647 | Zot:5    | Noticed a Killer Klown
110654 | Zot:5    | Killed a Killer Klown
110656 | Zot:5    | Noticed an orb of fire
110666 | Zot:5    | Killed an orb of fire
111020 | Zot:5    | Noticed an ancient lich
111038 | Zot:5    | Killed an ancient lich
111149 | Zot:5    | Noticed an orb of fire
111163 | Zot:5    | Killed an orb of fire
111520 | Zot:5    | Gained mutation: You are occasionally teleported next to
                  | monsters. [an orb of fire]
111521 | Zot:5    | Gained mutation: Your spells are a little easier to cast,
                  | but a little less powerful. [an orb of fire]
111523 | Zot:5    | Gained mutation: You are often teleported next to monsters.
                  | [an orb of fire]
111531 | Zot:5    | Killed an orb of fire
111802 | Zot:5    | Noticed a Killer Klown
111814 | Zot:5    | Killed a Killer Klown
111871 | Zot:5    | Acquired the +1 pair of gloves "Ostan" {rF+ Int-3 Stlth+}
111873 | Zot:5    | Lost mutation: You are often teleported next to monsters.
                  | [potion of mutation]
111873 | Zot:5    | Lost mutation: You are occasionally teleported next to
                  | monsters. [potion of mutation]
111873 | Zot:5    | Gained mutation: Your magical capacity is low. (-10% MP)
                  | [potion of mutation]
111873 | Zot:5    | Gained mutation: You are strong-willed. (Will+) [potion of
                  | mutation]
111914 | Zot:5    | Noticed a dread lich
111922 | Zot:5    | Killed a dread lich
111981 | Zot:5    | Got the Orb of Zot
112481 | D:12     | Noticed Yxoocrici the pandemonium lord
112499 | D:11     | Learned a level 2 spell: Passwall
112767 | D:$      | Escaped with the Orb!

Illustrated notes

Levels and vault maps discovered:
D:1:      eino_arrival_tree_alley, layout_basic, serial_shops,
          nicolae_shop_waterfront, basic_ecumenical_altar, nrook_mini_vaults
D:2:      layout_loops_corners, basic_altar, uniq_robin
D:3:      layout_loops_ring, gammafunk_temple_overflow_forgotten
D:4:      layout_rooms, nzn_wu_jian_council_hall, serial_shops, shop,
          uniq_sigmund
D:5:      layout_loops_cross
D:6:      minmay_skewed_foursquare, layout_loops_cross, temple_hall,
          enter_ossuary_1
D:7:      layout_cave_pools, nicolae_ru_awakened_eye, enter_bailey_5,
          serial_column_ruins, column_ruins_columns_dead_end,
          column_ruins_columns_straight, column_ruins_columns_straight,
          column_ruins_grid_1, column_ruins_open_small,
          chequers_serial_rivers_room_a
D:8:      layout_layer_cave, special_room [special_room_orc],
          kennysheep_generic_room_8
D:9:      layout_rooms, minitemple, dpeg_lair_monsters, dreamdust_wishing_well,
          grunt_ogre_cave, hangedman_decor_lopped, dk_noncrumbling_2,
          minivault_1, uniq_gastronok
D:10:     layout_basic, serial_shops, nicolae_shop_overgrown_old_shop,
          nicolae_diode_stairs
D:11:     layout_gridville, orc_david_3, minmay_holes
D:12:     layout_irregular_city
D:13:     layout_irregular_city, lightli_vaults_fourway_checkpoint,
          portal_ice_cave_entry_animals_and_master, gauntlet_entry_generic,
          amethyst_killhole, grunt_ministairs_2, minmay_hidden_floor
D:14:     layout_gridville, minmay_stone_trees_medium, minivault_27
D:15:     grunt_enter_depths_magical_seal, layout_small_grid,
          ebering_ghost_disaster_area, lemuel_nasty_fountain
Temple:   minmay_temple_curvy_branch
Lair:1:   layout_gridlike
Lair:2:   layout_chaotic_city, nicolae_shoals_entry_roost,
          nicolae_spider_entry_tight_spaces, pdpol_lair_neglected_garden,
          uniq_amaemon
Lair:3:   nzn_motion_control, layout_chaotic_city, uniq_kirke, uniq_nergalle
Lair:4:   layout_gridlike, slime_entry_1, grunt_megastairs_2
Shoals:1: layout_shoals, nicolae_shoals_lost_giant_amphitheater
Shoals:2: cheibrodos_shoals_three_sisters, layout_shoals,
          nicolae_shoals_sun_and_surf
Shoals:3: layout_shoals, serial_shops, nicolae_shop_behind_doors,
          nicolae_shoals_loop_pool, uniq_louise, uniq_polyphemus
Shoals:4: shoals_end_simple, layout_shoals, argonaut_gorgonesque, uniq_mara
Spider:1: layout_spider_delve, guppyfry_spider_mini_2
Spider:2: layout_cave_pods, nicolae_spider_cling_halls, uniq_arachne,
          uniq_aizul, uniq_agnes
Spider:3: layout_spider_delve, gammafunk_ghost_berserking_beasts
Spider:4: floodkiller_spider_rune_tomb
Slime:1:  layout_caves
Slime:2:  layout_caves
Slime:3:  layout_caves
Slime:4:  layout_caves, nicolae_slime_rock_hall_of_fame
Slime:5
Orc:1:    layout_caves, ebering_ghost_xom, abandoned_shop
Orc:2:    st_orc_pillars, layout_diamond_mine, serial_shops,
          nicolae_lakefront_shop, mines1_david, uniq_urug
Elf:1:    layout_loops_corners, ebering_ghost_reflecting_pool,
          minmay_elf_necromancy, minivault_15
Elf:2:    nicolae_elf_blades_splatter_lattice
          [nicolae_blade_entry_hurt_lockers], layout_geoelf_diagonals, drop_trap
Elf:3:    elf_hall, layout_geoelf_diagonals, lemuel_flamethrower_1
Vaults:1: v_misc_18, vaults_room_door_hall, v_misc_15, v_alt_pattern_2,
          ontoclasm_vaults_spin, grunt_vaults_hallway_long, v_alt_pattern_5,
          nicolae_vaults_little_squares_4, ontoclasm_vaults_gallery,
          ontoclasm_vaults_shuriken, layout_vaults_omnigrid,
          nicolae_trove_entry_isolated, serial_shops, shop
Vaults:2: nicolae_vaults_windows_and_doors_thing, vaults_room_door_hall,
          nicolae_vaults_inception_network, v_misc_13, v_pattern_4,
          ontoclasm_vaults_ring_large, minmay_crypt_entry_necro_gods,
          nicolae_vaults_little_squares_1, nicolae_vaults_little_squares_5,
          v_misc_27, nicolae_vaults_big_ls,
          vaults_standard_mumra_enter_the_diamond, ontoclasm_vaults_twist,
          layout_vaults_omnibox
Vaults:3: hangedman_vaults_river_flow, v_misc_17, grunt_vaults_focal,
          nicolae_vaults_theta, ontoclasm_vaults_chip, vaults_room_corners,
          nicolae_vaults_rhombus_6, v_misc_15, nicolae_vaults_triangles,
          nicolae_vaults_shelves_hall, vaults_room_fancy_cross,
          grunt_vaults_funnel, dpeg_vaults_hating_casters,
          nicolae_vaults_what_the_h, layout_vaults_big_cross, serial_shops, shop
Vaults:4: ontoclasm_vaults_loading_screen, nicolae_vaults_network_square,
          nicolae_vaults_branching_niches, v_misc_25, hangedman_vaults_hat,
          vaults_dpeg_encased_lava, hangedman_vaults_stagger, v_misc_16,
          vaults_mumra_hexcomb, v_misc_12, ontoclasm_vaults_chip,
          layout_vaults_maze_snakey
Vaults:5
Crypt:1:  layout_misc_corridors, grunt_ministairs_5, lemuel_upstairs_altar
Crypt:2:  layout_chaotic_city, basic_altar, roderic_lattice_octagonal_star
Crypt:3:  church_of_pain_bobbens, layout_chaotic_city,
          tomb_entry_sphere_bobbens, basic_altar, minivault_14, st_chilly_death
Tomb:1
Depths:1: minmay_the_grid_octo_tiled_squarecenter_mashed
          [minmay_the_grid_octo_toaster, minmay_the_grid_octo_thin_diamonds,
          minmay_the_grid_octo_horde, minmay_the_grid_octo_checkered,
          minmay_the_grid_square_5x5_megaprize_diamond,
          minmay_the_grid_square_5x5_doubleslash,
          minmay_the_grid_square_5x5_six_small,
          minmay_the_grid_square_5x5_dogpile,
          minmay_the_grid_square_5x5_shrine2], layout_gridville,
          grunt_hell_entry_dis_grunt, serial_sigils,
          serial_sigils_hangedman_quiver, serial_sigils_hangedman_etch,
          serial_sigils_hangedman_stare, serial_sigils_hangedman_gnaw,
          serial_bayou_crossing, firewood_loft
Depths:2: kennysheep_ogre_elephant_herders, layout_gridlike,
          grunt_pan_entry_spiral, hell_entry, nicolae_wwwww, abyss_entry,
          horrible_house_mu
Depths:3: gammafunk_mikee_crab_dinner, layout_gridlike, kennysheep_doodads,
          abyss_entry_glasseish, hell_entry, hellmonk_bongcloud_opening,
          chequers_serial_rivers_micro_d, minmay_staircase_statues, uniq_parghit
Depths:4: evilmike_zot_entry_round, layout_long_grid, enter_ziggurat_b,
          hangedman_decor_clover_reticule, serial_shops, shop, pan_entry,
          hell_entry, hellmonk_scale_shop, uniq_saint_roka, uniq_xtahua,
          uniq_frederick
Hell
Zot:1:    layout_misc_corridors, lemuel_lich_library
Zot:2:    layout_cathedral_of_symmetry, grunt_ministairs_11, st_stairs_3,
          uniq_josephina
Zot:3:    layout_twisted_circle, gammafunk_ghost_mausoleum, st_stairs_6
Zot:4:    ebering_greatest_show_in_zot, layout_basic, grunt_ministairs_13,
          uniq_tiamat
Zot:5:    layout_twisted_circle

Skill      XL: |  1  2  3  4  5  6  7  8  9 10 11 12 13 14 15 16 17 18 19 20 21 22 23 24 25 26 27 |
---------------+----------------------------------------------------------------------------------+-----
Short Blades   | 3 4 5 7 8 9 10 | 10.0
Dodging        | 3 4 5 6 9 10 11 12 14 15 17 | 17.9
Stealth        | 7 |  7.1
Fighting       | 4 5 6 7 9 10 11 12 13 14 15 16 21 | 21.8
Spellcasting   | 1 2 3 5 6 8 11 13 15 16 21 | 21.2
Necromancy     | 1 2 |  2.0
Conjurations   | 1 2 3 5 7 8 9 10 11 12 13 14 15 16 17 18 22 | 22.7
Fire Magic     | 1 2 5 6 7 8 9 11 | 11.0
Evocations     | 2 5 |  5.3
Translocations | 1 3 6 7 8 12 16 17 21 | 21.8
Armour         | 1 3 5 7 8 |  8.4
Ice Magic      | 3 4 |  4.0
Poison Magic   | 5 |  5.0
Summonings     | 1 4 9 10 12 13 14 15 16 | 16.8
Air Magic      | 4 5 |  5.0
Earth Magic    | 2 5 |  5.0
Shields        | 6 8 9 10 | 10.0
Ranged Weapons | 8 14 | 14.0

Action                     |  1- 3 |  4- 6 |  7- 9 | 10-12 | 13-15 | 16-18 | 19-21 | 22-24 | 25-27 || total
---------------------------+-------+-------+-------+-------+-------+-------+-------+-------+-------++-------
  Melee: Short sword       |    36 |   148 |   266 |    54 |       |       |       |       |       ||   504
         Punch             |     1 |     1 |     4 |     4 |     4 |       |       |       |       ||    14
         Dagger            |       |    41 |    81 |   200 |   191 |    20 |       |       |       ||   533
         Staff             |       |       |       |     2 |   131 |    95 |     8 |       |       ||   236
         Hand axe          |       |       |       |       |     3 |       |       |       |       ||     3
         War axe           |       |       |       |       |       |       |    33 |       |       ||    33
         Greatsling        |       |       |       |       |       |       |       |       |     2 ||     2
   Fire: Greatsling        |       |       |       |       |       |       |    12 |   443 |  2578 ||  3033
  Throw: Dart              |       |       |     1 |    22 |     4 |       |       |       |     3 ||    30
   Cast: Kiss of Death     |       |     1 |     1 |       |       |       |       |       |       ||     2
         Scorch            |       |       |    80 |   239 |   219 |   286 |   316 |   175 |   149 ||  1464
         Volatile Blastmot |       |       |     3 |    75 |    49 |       |       |       |       ||   127
         Iskenderun's Myst |       |       |     1 |    24 |   138 |    20 |    16 |    22 |    99 ||   320
         Frozen Ramparts   |       |       |       |     6 |     4 |       |     2 |       |       ||    12
         Blink             |       |       |       |     6 |    10 |    10 |     2 |     5 |    13 ||    46
         Fulminant Prism   |       |       |       |     4 |     5 |       |       |       |       ||     9
         Olgreb's Toxic Ra |       |       |       |       |   183 |   103 |    32 |    28 |    55 ||   401
         Starburst         |       |       |       |       |    56 |    39 |    10 |    29 |    21 ||   155
         Fireball          |       |       |       |       |     7 |    58 |    27 |    17 |    28 ||   137
         Spellforged Servi |       |       |       |       |     2 |    82 |   115 |   112 |   225 ||   536
         Plasma Beam       |       |       |       |       |       |     9 |    24 |    27 |    38 ||    98
         Stone Arrow       |       |       |       |       |       |       |    10 |     2 |       ||    12
         Dispersal         |       |       |       |       |       |       |     4 |    42 |    54 ||   100
         Malign Gateway    |       |       |       |       |       |       |       |       |     8 ||     8
         Passage of Golubr |       |       |       |       |       |       |       |       |     8 ||     8
         Disjunction       |       |       |       |       |       |       |       |       |     5 ||     5
         Lehudib's Crystal |       |       |       |       |       |       |       |       |     3 ||     3
         Vhi's Electric Ch |       |       |       |       |       |       |       |       |     2 ||     2
         Passwall          |       |       |       |       |       |       |       |       |     1 ||     1
  Evoke: Wand              |       |     1 |     2 |    19 |    17 |     7 |     3 |    10 |     6 ||    65
         Box of beasts     |       |       |       |       |       |     1 |       |     1 |     1 ||     3
         Condenser vane    |       |       |       |       |       |       |       |     3 |     3 ||     6
         Phantom mirror    |       |       |       |       |       |       |       |       |     2 ||     2
         Horn of Geryon    |       |       |       |       |       |       |       |       |     1 ||     1
    Use: Scroll            |     1 |       |     3 |     9 |     9 |    10 |     3 |     5 |    25 ||    65
         Potion            |       |       |       |     9 |     1 |    11 |       |     6 |    30 ||    57
   Stab: Sleeping          |    13 |    36 |    30 |     9 |     9 |     6 |       |       |       ||   103
         Distracted        |       |       |       |     3 |     1 |     1 |     1 |       |       ||     6
         Petrified         |       |       |       |       |     1 |       |       |       |       ||     1
 Armour: Leather armour    |     4 |    20 |       |       |    43 |    80 |       |       |       ||   147
         Steam dragon scal |       |       |    82 |    57 |    77 |       |       |       |       ||   216
         Skin              |       |       |       |     4 |       |       |       |       |       ||     4
         Robe              |       |       |       |       |       |    21 |    21 |    48 |   212 ||   302
  Dodge: Dodged            |    17 |    89 |   289 |   261 |   392 |   432 |   207 |   370 |  1631 ||  3688
  Block: Buckler           |       |       |       |       |       |       |       |   115 |   715 ||   830

Table legend: (Time is in decaauts)
 A = Elapsed time spent in this place.
 B = Non-inter-level travel time spent in this place.
 C = Inter-level travel time spent in this place.
 D = Time resting spent in this place.
 E = Time spent auto-exploring this place.
 F = Levels seen in this place.
 G = Mean time per level.
                   A        B        C        D        E       F      G
               +--------+--------+--------+--------+--------+-----+--------+
         Total | 112170 |  99961 |  12209 |  38743 |  34800 |  60 | 1869.5 |
       Dungeon |  26277 |  21586 |   4691 |   5614 |  10549 |  15 | 1751.8 |
        Temple |    273 |    263 |     10 |      0 |    254 |   1 |  273.0 |
          Lair |   8726 |   7166 |   1560 |   2464 |   2893 |   4 | 2181.5 |
        Shoals |   7326 |   6977 |    349 |   1644 |   3967 |   4 | 1831.5 |
   Spider Nest |   8652 |   7746 |    906 |   3617 |   2062 |   4 | 2163.0 |
    Slime Pits |   2769 |   2682 |     87 |   1598 |    206 |   5 |  553.8 |
  Orcish Mines |   5046 |   4137 |    909 |   1863 |   1201 |   2 | 2523.0 |
   Elven Halls |   5220 |   4752 |    468 |   1593 |   2040 |   3 | 1740.0 |
        Vaults |  17762 |  16078 |   1684 |   7114 |   5167 |   5 | 3552.4 |
         Crypt |   5440 |   5137 |    303 |   1620 |   1966 |   3 | 1813.3 |
          Tomb |   1470 |   1470 |      0 |    599 |    103 |   1 | 1470.0 |
        Depths |  11401 |  10742 |    659 |   4890 |   3505 |   4 | 2850.2 |
          Hell |   1060 |   1025 |     35 |    350 |    431 |   1 | 1060.0 |
           Zot |   8659 |   8117 |    542 |   4838 |    338 |   5 | 1731.8 |
       Ossuary |    498 |    498 |      0 |    126 |     93 |   1 |  498.0 |
        Bailey |    688 |    688 |      0 |    296 |     23 |   1 |  688.0 |
      Gauntlet |    895 |    895 |      0 |    513 |      0 |   1 |  895.0 |
               +--------+--------+--------+--------+--------+-----+--------+

Top non-repeatable levels by time:
Vaults:4: 4497 daAuts
Vaults:1: 4056 daAuts
Depths:1: 4022 daAuts
Vaults:2: 3802 daAuts
   Zot:5: 3230 daAuts
    D:13: 3152 daAuts
  Lair:2: 3012 daAuts
Vaults:3: 2985 daAuts
   Orc:2: 2952 daAuts
     D:9: 2802 daAuts
 Crypt:3: 2747 daAuts
  Lair:1: 2640 daAuts
Depths:4: 2544 daAuts
Spider:3: 2436 daAuts
Depths:3: 2423 daAuts
